 Dungeon Crawl Stone Soup version 0.30.0-3-ga4e48a9924 (console) character file.

Game seed: 4900508647931587705

2398 jejorda2 the Slicer (level 9, -11/50 HPs)
             Began as a Vine Stalker Berserker on May 7, 2023.
             Was a Priest of Trog.
             Mangled by Maggie
             ... wielding a +2 halberd of distortion
              (21 damage)
             ... on level 7 of the Dungeon.
             The game lasted 00:13:45 (5117 turns).

jejorda2 the Slicer (Vine Stalker Berserker)        Turns: 5117, Time: 00:13:46

Health: -11/50     AC: 10    Str: 24    XL:     9   Next: 46%
Magic:  0/10       EV:  7    Int:  7    God:    Trog [***...]
Gold:   183        SH:  7    Dex: 14    Spells: 8/8 levels left

rFire   . . .        a - +1 short sword (freeze)
rCold   . . .        c - +0 kite shield
rNeg    . . .        C - +0 chain mail
rPois   .            (no helmet)
rElec   .            s - +0 cloak
rCorr   +            (no gloves)
SInv    .            d - +0 pair of boots
Will    +++..        (no amulet) Stlth
                     e - ring of flight
HPRegen 2.08/turn    r - ring of resist corrosion
MPRegen 0.12/turn

%: guardian spirit
@: strong-willed (expiring), on berserk cooldown, flying, regenerating
(expiring), slowed, very slow
A: fangs 3, regeneration 1, magic shield, antimagic bite, no potion heal 2
a: Renounce Religion, Berserk, Trog's Hand


You were on level 7 of the Dungeon.
You worshipped Trog.
Trog was most pleased with you.
You visited 1 branch of the dungeon, and saw 7 of its levels.

You collected 345 gold pieces.
You spent 162 gold pieces at shops.

Inventory:

Hand Weapons
 a - a +1 short sword of freezing (weapon)
 t - a +1 dagger of chaos
Missiles
 k - 8 boomerangs
 o - 30 stones (quivered)
 q - 5 silver javelins
 D - 13 poisoned darts
Armour
 c - a +0 kite shield (worn)
 d - a +0 pair of boots (worn)
 s - a +0 cloak (worn)
 C - a +0 chain mail (worn)
Jewellery
 e - a ring of flight (left hand)
 l - a ring of positive energy
 r - a ring of resist corrosion (right hand)
Wands
 y - a wand of roots (9)
Scrolls
 b - 3 scrolls of vulnerability
 f - a scroll of enchant weapon
 g - a scroll of blinking
 i - 2 scrolls of fog
 j - a scroll of enchant armour
 m - 2 scrolls of teleportation
 p - 3 scrolls of fear
Potions
 h - 7 potions of curing
 n - a potion of resistance {unknown}
 v - 2 potions of haste
 z - 2 potions of attraction
 A - a potion of lignification
 B - a potion of berserk rage


   Skills:
 + Level 7.0 Fighting
 * Level 9.7 Short Blades
 - Level 1.5 Armour
 - Level 1.5 Dodging
 + Level 0.7 Shields


You had 8 spell levels left.
You didn't know any spells.
Your spell library was empty.

Dungeon Overview and Level Annotations

Branches:
Dungeon (7/15)             Temple (0/1) D:7

Altars:
Cheibriados
Elyvilon
Trog
Xom
Yredelemnul
Zin

Shops:
D:4 !*   D:6 ?

Annotations:
D:7 Maggie


Innate Abilities, Weirdness & Mutations

You have razor-sharp teeth.
Your natural rate of healing is unusually fast.
When hurt, damage is shared between your health and your magic reserves.
Your bite disrupts and absorbs the magic of your enemies.
Potions cannot restore your health.


Message History

You kill the kobold!
Trog accepts your kill.
No target in view!
You start resting.
You feel a strong urge to attack something.
You are no longer berserk.
You are exhausted.
You feel yourself slow down.
You start resting.
HP restored.
o - 24 stones (gained 3)
Items here: ) †.
You see here a +0 dagger.
D - 13 poisoned darts (gained 6);
o - 26 stones (gained 2)
Items here: )) †.
There is an open door, spattered with blood here.
Items here: ))) ††.
o - 30 stones (gained 4)
n - a fuming red potion Maggie the Vainglorious comes into view.
She is wielding a +2 halberd of distortion.
Maggie shouts!
Your skin crawls.
You feel strong-willed.
You're still recovering from your berserk rage.
Maggie barely misses you.
Maggie points at you and mumbles some strange words.
The bolt of fire hits you!!
Found 10 gold pieces.
You feel the effects of Trog's Hand fading.
Maggie drinks a potion.
Maggie seems to grow stronger.
You hit Maggie. You freeze Maggie. Your bite misses Maggie.
Maggie is lightly wounded.
Maggie says, "If you die in the Dungeon, but nobody's around to see it, does it really matter?"
Maggie casts a spell at you. The bolt of fire hits you!!
You hit Maggie. You freeze Maggie. You bite Maggie, but do no damage.
Maggie is lightly wounded.
Maggie hits you with a +2 halberd of distortion!
* * * LOW HITPOINT WARNING * * *
Space warps horribly around you!!
You die...

#### .... #...
#......# #...
#......#
####...######......#
.......@......)....+
##.#..@##..........#
#... #..........#
#...##..........#
#...#...........#
#$..#...........#####
#...#...........#....
....+......_...))....
#.......#...)).#.


You could see Maggie (strong).

Vanquished Creatures
  Pikel (D:5)
  3 water moccasins
  An ice beast (D:6)
  A black bear (D:6)
  A centaur (D:6)
  4 lemures (D:5)
  A kobold brigand (D:7)
  3 phantoms
  A bullfrog (D:7)
  2 scorpions (D:5)
  3 crimson imps (D:5)
  5 hounds
  4 jellies
  Crazy Yiuf (D:3)
  A gnoll bouda (D:6)
  2 orc priests
  3 iguanas
  2 orc wizards (D:5)
  13 gnolls
  5 adders
  A white imp (D:6)
  2 adder zombies (D:3)
  3 dart slugs
  15 orcs
  5 ball pythons
  4 bats
  4 endoplasms
  A giant cockroach (D:3)
  4 goblins
  11 hobgoblins
  7 jackals
  9 kobolds
  3 quokkas
  A ball python zombie (D:3)
  4 frilled lizards
  5 rats
136 creatures vanquished.

Notes
Turn   | Place    | Note
-------+----------+-------------------------------------------
     0 | D:1      | jejorda2 the Vine Stalker Berserker began the quest for the
                  | Orb.
     0 | D:1      | Reached XP level 1. HP: 11/11 MP: 2/2
   109 | D:1      | Reached skill level 3 in Short Blades
   112 | D:1      | Reached XP level 2. HP: 3/16 MP: 3/3
   285 | D:1      | You fall into a shaft and drop 1 floor!
   657 | D:1      | Reached XP level 3. HP: 16/20 MP: 2/4
   748 | D:1      | Reached ** piety under Trog
  1175 | D:1      | Found a faded altar of an unknown god.
  1699 | D:3      | Found a bloodstained altar of Trog.
  1792 | D:3      | Gained mutation: Your natural rate of healing is unusually
                  | fast. [Vine Stalker growth]
  1792 | D:3      | Reached XP level 4. HP: 24/24 MP: 5/5
  1808 | D:3      | Reached skill level 4 in Short Blades
  1854 | D:3      | Found a glowing silver altar of Zin.
  1934 | D:3      | Found a runed translucent door.
  1935 | D:3      | Noticed Crazy Yiuf
  1942 | D:3      | Killed Crazy Yiuf
  2026 | D:3      | Found a basalt altar of Yredelemnul.
  2186 | D:3      | Reached XP level 5. HP: 29/29 MP: 3/6
  2570 | D:4      | Found Dabrioxaw's Overcharged Wands.
  2648 | D:4      | Reached skill level 5 in Short Blades
  2747 | D:4      | Found Cuudoe's Distillery.
  2762 | D:4      | Bought a potion of haste for 140 gold pieces
  3042 | D:5      | Entered Level 5 of the Dungeon
  3049 | D:5      | Noticed a phantom
  3060 | D:5      | Killed a phantom
  3061 | D:5      | Reached XP level 6. HP: 33/33 MP: 5/7
  3102 | D:5      | Noticed a water moccasin
  3115 | D:5      | Killed a water moccasin
  3116 | D:5      | Reached XP level 7. HP: 38/38 MP: 6/8
  3119 | D:5      | Reached skill level 6 in Short Blades
  3176 | D:5      | Noticed Pikel
  3281 | D:5      | Killed Pikel
  3282 | D:5      | Reached skill level 5 in Fighting
  3282 | D:5      | Reached skill level 7 in Short Blades
  3282 | D:5      | Gained mutation: You have razor-sharp teeth. [Vine Stalker
                  | growth]
  3282 | D:5      | Reached XP level 8. HP: 44/44 MP: 9/9
  3485 | D:5      | Found a shimmering altar of Xom.
  3732 | D:5      | Reached skill level 8 in Short Blades
  3826 | D:5      | Reached *** piety under Trog
  4132 | D:6      | Found a white marble altar of Elyvilon.
  4163 | D:6      | Reached XP level 9. HP: 45/49 MP: 8/10
  4169 | D:6      | Reached skill level 9 in Short Blades
  4585 | D:6      | Found Boig's Magic Scroll Shop.
  4590 | D:6      | Bought a scroll of identify for 22 gold pieces
  4991 | D:7      | Found a staircase to the Ecumenical Temple.
  5058 | D:7      | Found a snail-covered altar of Cheibriados.
  5112 | D:7      | Noticed Maggie
  5117 | D:7      | Mangled by Maggie

Illustrated notes

Levels and vault maps discovered:
D:1:      sevenhm_arrival_forest_fort_small_5, layout_basic, serial_bayou,
          serial_bayou_shore_a, serial_bayou_pond_e, serial_bayou_lagoon_a,
          serial_bayou_shore_b, hellmonk_ecumenical_altar_inner_sanctum,
          hangedman_decor_growths, nicolae_kite_square_tiling_tiny,
          minmay_surrounded
D:2:      layout_rooms, kennysheep_generic_room_16
D:3:      layout_loops_ring, mainiacjoe_overflow_24_doors,
          mainiacjoe_overflow_catwalk, nicolae_yredelemnul_corpse_copse,
          uniq_crazy_yiuf_cottage
D:4:      layout_cave_pools, serial_shops, shop, nicolae_shop_overcharged_wands
D:5:      layout_loops_cross, led_xom_imps,
          hangedman_abyss_or_decor_lesser_grid, uniq_pikel
D:6:      layout_cave_pods, nicolae_overflow_crystal_walls, serial_shops,
          nicolae_shop_just_a_little_nook
D:7:      layout_basic, general_overflow_altar,
          nicolae_qazlal_general_emergency, overflow_temple_1_default,
          lemuel_tele_altar, nicolae_uskayaw_dance_studio,
          minmay_temple_entry_wispy, uniq_menkaure, uniq_maggie

Skill      XL: |  1  2  3  4  5  6  7  8  9 |
---------------+----------------------------+-----
Short Blades   | 3 4 5 7 8 9 |  9.7
Fighting       | 3 4 5 6 7 |  7.0
Armour         | |  1.5
Dodging        | |  1.5
Shields        | |  0.7

Action                     |  1- 3 |  4- 6 |  7- 9 || total
---------------------------+-------+-------+-------++-------
  Melee: Short sword       |    47 |    26 |   244 ||   317
         Bite              |    35 |    32 |    84 ||   151
         Punch             |     2 |       |     2 ||     4
         Dagger            |   104 |    97 |       ||   201
  Throw: Javelin           |       |     1 |       ||     1
         Stone             |       |       |     2 ||     2
 Invoke: Berserk           |     3 |     6 |     3 ||    12
         Trog's Hand       |       |     1 |     1 ||     2
    Use: Scroll            |       |       |    17 ||    17
 Armour: Animal skin       |     7 |       |       ||     7
         Leather armour    |    27 |     4 |       ||    31
         Ring mail         |       |    34 |    14 ||    48
         Chain mail        |       |       |    59 ||    59
  Dodge: Dodged            |    71 |    58 |    71 ||   200
  Block: Kite shield       |       |       |     8 ||     8
